SA
PUT-IN-BAY BC @ HAMMOND HERONS
09/03/2025
 
TOP OF THE 1ST
Put-In-Bay BC batting - Pitching for Hammond Herons : LHP Rust Cohle
Pitching: LHP Rust Cohle
Batting: LHB Tural Bishara 0-0: Ball
1-0: Fly out, F5 (Popup, 5L)
Batting: RHB Angus Watts 0-0: Foul Ball, location: 2F
0-1: Swinging Strike
0-2: Ball
1-2: Foul Ball, location: 2F
1-2: Foul Ball, location: 2F
1-2: Strikes out swinging
Batting: RHB Steve Koch 0-0: Ball
1-0: Called Strike
1-1: Ball
2-1: Swinging Strike
2-2: Strikes out swinging
Top of the 1st over - 0 run(s), 0 hit(s), 0 error(s), 0 left on base; Put-In-Bay 0 - Hammond 0
BOTTOM OF THE 1ST
Hammond Herons batting - Pitching for Put-In-Bay BC : RHP Rob Silva
Pitching: RHP Rob Silva
Batting: LHB Marcos Costa 0-0: Called Strike
0-1: Ball
1-1: Ball
2-1: Ground out 6-3 (Groundball, 6)
Batting: LHB Stanley Belote 0-0: Ball
1-0: Foul Ball, location: 2F
1-1: DOUBLE (Line Drive, 89M)
Batting: RHB José Jarca 0-0: Ball
1-0: Ball
2-0: Foul Ball, location: 2F
2-1: Called Strike
2-2: Ground out 6-3 (Groundball, 6)
Batting: RHB Manuel Guillama 0-0: Ground out 6-3 (Groundball, 6)
Bottom of the 1st over - 0 run(s), 1 hit(s), 0 error(s), 1 left on base; Put-In-Bay 0 - Hammond 0
TOP OF THE 2ND
Put-In-Bay BC batting - Pitching for Hammond Herons : LHP Rust Cohle
Batting: RHB Manuel Rosales 0-0: SINGLE (Line Drive, 6M)
Batting: RHB David Barrón 0-0: Fly out, F7 (Flyball, 7LM)
Batting: RHB Lou Lumsden 0-0: Ball
1-0: Ball
2-0: Ball
3-0: Base on Balls
Manuel Rosales to second
Batting: SHB Raul Cate 0-0: Called Strike
0-1: Foul Ball, location: 2F
0-2: Foul Ball, location: 2F
0-2: Ball
1-2: Ball
2-2: Ball
3-2: Foul Ball, location: 2F
3-2: Foul Ball, location: 2F
3-2: Strikes out swinging
Lou Lumsden is caught stealing 2nd base
Batter strikes out.
Top of the 2nd over - 0 run(s), 1 hit(s), 0 error(s), 1 left on base; Put-In-Bay 0 - Hammond 0
BOTTOM OF THE 2ND
Hammond Herons batting - Pitching for Put-In-Bay BC : RHP Rob Silva
Batting: RHB Jay Hood 0-0: Ball
1-0: Ground out 1-3 (Groundball, 13)
Batting: RHB Fernando Martínez 0-0: Called Strike
0-1: Ball
1-1: Ball
2-1: Ball
3-1: Foul Ball, location: 2F
3-2: Base on Balls
Batting: LHB Rubén Aracil 0-0: Ball
1-0: Ball
2-0: Fly out, F9 (Flyball, 9)
Batting: RHB Mark Frisby 0-0: Ball
1-0: Foul Ball, location: 2F
1-1: Foul Ball, location: 2F
1-2: Strikes out swinging
Bottom of the 2nd over - 0 run(s), 0 hit(s), 0 error(s), 1 left on base; Put-In-Bay 0 - Hammond 0
TOP OF THE 3RD
Put-In-Bay BC batting - Pitching for Hammond Herons : LHP Rust Cohle
Batting: SHB Rusty Justice 0-0: Ball
1-0: Foul Ball, location: 2F
1-1: Ball
2-1: Ball
3-1: Called Strike
3-2: Foul Ball, location: 2F
3-2: Reached on error, E6 (Groundball, 6)
Batting: RHB Francisco Valéncia 0-0: Ball
1-0: Ball
2-0: Ball
3-0: Called Strike
3-1: 2-RUN HOME RUN (Line Drive, 7LD), Distance : 324 ft
Batting: LHB Tural Bishara 0-0: Called Strike
0-1: Bunted foul
0-2: Ball
1-2: Strikes out swinging
Batting: RHB Angus Watts 0-0: Ball
1-0: SINGLE (Line Drive, 6M)
Batting: RHB Steve Koch 0-0: Ball
1-0: Ball
2-0: Swinging Strike
2-1: Ball
3-1: Base on Balls
Angus Watts to second
Batting: RHB Manuel Rosales 0-0: Foul Ball, location: 2F
0-1: Swinging Strike
0-2: Ball
1-2: Ball
2-2: Foul Ball, location: 2F
2-2: Foul Ball, location: 2F
2-2: Strikes out swinging
Batting: RHB David Barrón 0-0: Called Strike
0-1: Foul Ball, location: 2F
0-2: Ball
1-2: Ball
2-2: Ground out 1-3 (Groundball, 15S)
Top of the 3rd over - 2 run(s), 2 hit(s), 1 error(s), 2 left on base; Put-In-Bay 2 - Hammond 0
BOTTOM OF THE 3RD
Hammond Herons batting - Pitching for Put-In-Bay BC : RHP Rob Silva
Batting: RHB Jean Lechuga 0-0: Called Strike
0-1: Swinging Strike
0-2: Strikes out looking
Batting: LHB Marcos Costa 0-0: Ball
1-0: Ball
2-0: Ground out 1-3 (Groundball, 13S)
Batting: LHB Stanley Belote 0-0: Fly out, F7 (Flyball, 7S)
Bottom of the 3rd over - 0 run(s), 0 hit(s), 0 error(s), 0 left on base; Put-In-Bay 2 - Hammond 0
TOP OF THE 4TH
Put-In-Bay BC batting - Pitching for Hammond Herons : LHP Rust Cohle
Batting: RHB Lou Lumsden 0-0: Swinging Strike
0-1: Fly out, F7 (Flyball, 7)
Batting: SHB Raul Cate 0-0: Ball
1-0: Ball
2-0: Called Strike
2-1: Swinging Strike
2-2: Ball
3-2: Base on Balls
Batting: SHB Rusty Justice 0-0: Fielders Choice at 2nd, 1-6 (Groundball, 13S)
Batting: RHB Francisco Valéncia Pickoff Throw to First - Error! E1
Rusty Justice to second
0-0: Foul Ball, location: 2F
0-1: Ball
1-1: Ball
2-1: Swinging Strike
2-2: Ground out 6-3 (Groundball, 56)
Top of the 4th over - 0 run(s), 0 hit(s), 1 error(s), 1 left on base; Put-In-Bay 2 - Hammond 0
BOTTOM OF THE 4TH
Hammond Herons batting - Pitching for Put-In-Bay BC : RHP Rob Silva
Batting: RHB José Jarca 0-0: Swinging Strike
0-1: Foul Ball, location: 2F
0-2: Ball
1-2: Strikes out swinging
Batting: RHB Manuel Guillama 0-0: Ball
1-0: Ground out 5-3 (Groundball, 5)
Batting: RHB Jay Hood 0-0: Ball
1-0: Called Strike
1-1: Ball
2-1: Ball
3-1: Foul Ball, location: 2F
3-2: Base on Balls
Batting: RHB Fernando Martínez 0-0: Ball
1-0: Ball
2-0: Ball
3-0: Called Strike
3-1: SINGLE (Flyball, 8LS)
Jay Hood to second
Batting: LHB Rubén Aracil 0-0: Ball
1-0: Foul Ball, location: 2F
1-1: Called Strike
1-2: Strikes out swinging
Bottom of the 4th over - 0 run(s), 1 hit(s), 0 error(s), 2 left on base; Put-In-Bay 2 - Hammond 0
TOP OF THE 5TH
Put-In-Bay BC batting - Pitching for Hammond Herons : LHP Rust Cohle
Batting: LHB Tural Bishara 0-0: Called Strike
0-1: Ball
1-1: Ball
2-1: Called Strike
2-2: Strikes out swinging
Batting: RHB Angus Watts 0-0: Swinging Strike
0-1: Fly out, F7 (Flyball, 7LSF)
Batting: RHB Steve Koch 0-0: Called Strike
0-1: Foul Ball, location: 2F
0-2: Strikes out swinging
Top of the 5th over - 0 run(s), 0 hit(s), 0 error(s), 0 left on base; Put-In-Bay 2 - Hammond 0
BOTTOM OF THE 5TH
Hammond Herons batting - Pitching for Put-In-Bay BC : RHP Rob Silva
Batting: RHB Mark Frisby 0-0: Fly out, F8 (Flyball, 8LM)
Batting: RHB Jean Lechuga 0-0: Ball
1-0: Ground out 6-3 (Groundball, 6)
Batting: LHB Marcos Costa 0-0: Called Strike
0-1: Ball
1-1: Ball
2-1: Ball
3-1: Foul Ball, location: 2F
3-2: Foul Ball, location: 2F
3-2: Base on Balls
Batting: LHB Stanley Belote 0-0: Ball
Marcos Costa is caught stealing 2nd base
Bottom of the 5th over - 0 run(s), 0 hit(s), 0 error(s), 0 left on base; Put-In-Bay 2 - Hammond 0
TOP OF THE 6TH
Put-In-Bay BC batting - Pitching for Hammond Herons : LHP Rust Cohle
Batting: RHB Manuel Rosales 0-0: Ball
1-0: Swinging Strike
1-1: SINGLE (Groundball, 5S) (infield hit)
Pitching: RHP Mario Gonzáles
Batting: RHB David Barrón 0-0: Foul Ball, location: 2F
0-1: Ball
1-1: Swinging Strike
1-2: Strikes out swinging
Batting: RHB Lou Lumsden 0-0: Swinging Strike
0-1: Foul Ball, location: 2F
0-2: Ball
1-2: Ball
2-2: Ball
3-2: Foul Ball, location: 2F
3-2: Strikes out swinging
Manuel Rosales steals 2nd base
Batter strikes out.
Batting: SHB Raul Cate 0-0: Ball
1-0: Called Strike
1-1: Ball
2-1: Ball
3-1: Ground out U3 (Groundball, 3S)
Top of the 6th over - 0 run(s), 1 hit(s), 0 error(s), 1 left on base; Put-In-Bay 2 - Hammond 0
BOTTOM OF THE 6TH
Hammond Herons batting - Pitching for Put-In-Bay BC : RHP Rob Silva
Batting: LHB Stanley Belote 0-0: Called Strike
0-1: Ball
1-1: Ball
2-1: Foul Ball, location: 2F
2-2: Ball
3-2: Strikes out swinging, 2-3 out at first.
Batting: RHB José Jarca 0-0: Ground out 5-3 (Groundball, 56S)
Batting: RHB Manuel Guillama 0-0: Fly out, F7 (Flyball, 78D)
Bottom of the 6th over - 0 run(s), 0 hit(s), 0 error(s), 0 left on base; Put-In-Bay 2 - Hammond 0
TOP OF THE 7TH
Put-In-Bay BC batting - Pitching for Hammond Herons : RHP Mario Gonzáles
Batting: SHB Rusty Justice 0-0: Called Strike
0-1: Foul Ball, location: 2F
0-2: Ball
1-2: Ball
2-2: Ground out 6-3 (Groundball, 6MD)
Batting: RHB Francisco Valéncia 0-0: Swinging Strike
0-1: Ball
1-1: Ground out 5-3 (Groundball, 56S)
Batting: LHB Tural Bishara 0-0: Foul Ball, location: 2F
0-1: Ball
1-1: Ball
2-1: Foul Ball, location: 2F
2-2: Foul Ball, location: 2F
2-2: Strikes out swinging
Top of the 7th over - 0 run(s), 0 hit(s), 0 error(s), 0 left on base; Put-In-Bay 2 - Hammond 0
BOTTOM OF THE 7TH
Hammond Herons batting - Pitching for Put-In-Bay BC : RHP Rob Silva
Batting: RHB Jay Hood 0-0: Ball
1-0: Called Strike
1-1: SINGLE (Line Drive, 6M)
Batting: RHB Fernando Martínez 0-0: Foul Ball, location: 2F
0-1: Ball
1-1: Swinging Strike
1-2: Ball
2-2: Strikes out swinging
Batting: LHB Rubén Aracil 0-0: Ground out U3 (Groundball, 3)
Jay Hood to second
Batting: RHB Mark Frisby 0-0: Ball
1-0: Foul Ball, location: 2F
1-1: Ball
2-1: Ball
3-1: Ground out U3 (Groundball, 34)
Bottom of the 7th over - 0 run(s), 1 hit(s), 0 error(s), 1 left on base; Put-In-Bay 2 - Hammond 0
TOP OF THE 8TH
Put-In-Bay BC batting - Pitching for Hammond Herons : RHP Mario Gonzáles
Batting: RHB Angus Watts 0-0: Ground out 6-3 (Groundball, 6)
Batting: RHB Steve Koch 0-0: Called Strike
0-1: Foul Ball, location: 2F
0-2: Foul Ball, location: 2F
0-2: Foul Ball, location: 2F
0-2: Ball
1-2: Strikes out looking
Batting: RHB Manuel Rosales 0-0: Ball
1-0: Called Strike
1-1: Foul Ball, location: 2F
1-2: Ball
2-2: Ball
3-2: Foul Ball, location: 2F
3-2: Ground out 4-3 (Groundball, 4)
Top of the 8th over - 0 run(s), 0 hit(s), 0 error(s), 0 left on base; Put-In-Bay 2 - Hammond 0
BOTTOM OF THE 8TH
Hammond Herons batting - Pitching for Put-In-Bay BC : RHP Rob Silva
Batting: RHB Jean Lechuga 0-0: Foul Ball, location: 2F
0-1: Swinging Strike
0-2: Ball
1-2: Strikes out swinging
Batting: LHB Marcos Costa 0-0: Called Strike
0-1: Ball
1-1: Called Strike
1-2: Ball
2-2: Ball
3-2: Strikes out swinging
Batting: LHB Stanley Belote 0-0: Called Strike
0-1: SINGLE (Line Drive, 4D)
Batting: RHB José Jarca 0-0: Foul Ball, location: 2F
0-1: Ball
1-1: Ball
2-1: SINGLE (Popup, 5D)
Stanley Belote to second
Batting: RHB Manuel Guillama 0-0: Ball
1-0: Fly out, F7 (Flyball, 78S)
Bottom of the 8th over - 0 run(s), 2 hit(s), 0 error(s), 2 left on base; Put-In-Bay 2 - Hammond 0
TOP OF THE 9TH
Put-In-Bay BC batting - Pitching for Hammond Herons : RHP Mario Gonzáles
Pitching: LHP Esteban Jiménez
Batting: RHB David Barrón 0-0: Ground out 5-3 (Groundball, 5)
Pitching: LHP Jim Unknown
Batting: RHB Lou Lumsden 0-0: Ball
1-0: Called Strike
1-1: Foul Ball, location: 2F
1-2: Ball
2-2: Ball
3-2: Strikes out swinging
Batting: SHB Raul Cate 0-0: Ball
1-0: Called Strike
1-1: Ball
2-1: Ball
3-1: Base on Balls
Batting: SHB Rusty Justice 0-0: Called Strike
0-1: Ball
1-1: Foul Ball, location: 2F
1-2: Ball
2-2: Strikes out looking
Top of the 9th over - 0 run(s), 0 hit(s), 0 error(s), 1 left on base; Put-In-Bay 2 - Hammond 0
BOTTOM OF THE 9TH
Hammond Herons batting - Pitching for Put-In-Bay BC : RHP Rob Silva
Pitching: RHP Domingo Velasco
Batting: RHB Jay Hood 0-0: Called Strike
0-1: Swinging Strike
0-2: Ball
1-2: Ball
2-2: Ball
3-2: Strikes out looking
Batting: RHB Fernando Martínez 0-0: Ball
1-0: Fly out, F9 (Flyball, 9)
Batting: LHB Rubén Aracil 0-0: Fly out, F2 (Popup, 34S)
Bottom of the 9th over - 0 run(s), 0 hit(s), 0 error(s), 0 left on base; Put-In-Bay 2 - Hammond 0
Friday, December 30th, 2016 - OOTP Baseball 17.12 Build 75